 Dungeon Crawl Stone Soup version 0.28.0-45-g0d030f2227 (webtiles) character file.

Game seed: 15526542610535462720

77471 Treehippy the Stormcaller (level 15, -12/96 HPs)
             Began as a Tengu Air Elementalist on Apr 15, 2022.
             Was a High Priest of Vehumet.
             Mangled by a reaper
             ... wielding a +0 scythe of freezing
              (43 damage)
             ... in an ice cave.
             The game lasted 01:59:49 (40932 turns).

Treehippy the Stormcaller (Tengu Air Elementalist) Turns: 40932, Time: 01:59:49

Health: -12/96     AC: 10    Str:  8    XL:     15   Next: 57%
Magic:  28/44      EV: 22    Int: 29    God:    Vehumet [*****.]
Gold:   803        SH: 11    Dex: 14    Spells: 7/26 levels left

rFire   + . .      SeeInvis .   U - +2 scimitar (elec)
rCold   + + .      Faith    .   S - +0 buckler
rNeg    . . .      Spirit   .   Q - +0 steam dragon scales
rPois   .          Reflect  +   R - +3 hat of Pondering {ponderous, Will+ MP+10 Int+5}
rElec   .          Harm     .   e - scarf {rC+ rF+}
rCorr   .          Rampage  .   T - +1 pair of gloves
Will    ++...                   (boots unavailable)
Stlth   +++.......              c - amulet of reflection
HPRegen 0.26/turn               D - ring of magical power
MPRegen 0.29/turn               y - ring of protection from cold

@: flying quickly and evasively
A: beak, talons 3, nimble flight
a: Renounce Religion


You were in an ice cave.
You worshipped Vehumet.
Vehumet was extremely pleased with you.
You visited 3 branches of the dungeon, and saw 21 of its levels.
You also visited: Ossuary and Ice Cave.

You collected 1944 gold pieces.
You spent 1141 gold pieces at shops.

Inventory:

Hand Weapons
 s - the +11 glaive of Upheaval {freeze, Str+4 Stlth+}
   (You found it on level 4 of the Lair of Beasts)

   It freezes those it strikes, dealing additional cold damage.
   It can also slow down cold-blooded creatures.
   Str:       It affects your strength (+4).
   Stlth:     It makes you more stealthy.
 U - a +2 scimitar of electrocution (weapon)
Missiles
 d - 5 silver javelins
 V - 2 curare-tipped darts
 W - 4 throwing nets
Armour
 e - a scarf of resistance (worn)
 x - a +2 robe of fire resistance
 Q - +0 steam dragon scales (worn)
 R - the +3 hat of Pondering (worn) {ponderous, Will+ MP+10 Int+5}
   (You bought it in a shop on level 10 of the Dungeon)

   Int:       It affects your intelligence (+5).
   MP:        It affects your magic capacity (+10).
   Will:      It increases your willpower.
 S - a +0 buckler (worn)
 T - a +1 pair of gloves (worn)
Jewellery
 c - an amulet of reflection (around neck)
 f - a ring of ice
 h - a ring of poison resistance
 q - a +4 ring of protection
 w - a ring of willpower
 y - a ring of protection from cold (right hand)
 D - a ring of magical power (left hand)
 Z - a ring of positive energy
Wands
 l - a wand of mindburst (15)
 G - a wand of flame (21)
 I - a wand of paralysis (17)
 K - a wand of acid (8)
Scrolls
 a - 4 scrolls of identify
 b - a scroll of enchant armour
 m - 3 scrolls of fear
 n - a scroll of amnesia
 r - 5 scrolls of fog
 z - a scroll of silence
 H - 5 scrolls of teleportation
 N - 2 scrolls of enchant weapon
 P - a scroll of summoning
Potions
 g - 5 potions of curing
 i - 3 potions of magic
 o - 6 potions of brilliance
 p - 3 potions of invisibility
 u - 3 potions of haste
 v - a potion of berserk rage {unknown}
 B - 2 potions of lignification {unknown}
 E - a potion of might
 F - 4 potions of heal wounds
 J - 2 potions of cancellation
 L - 2 potions of resistance


   Skills:
 + Level 12.0 Fighting
 + Level 14.0 Dodging
 - Level 5.0 Stealth
 + Level 7.2 Shields
 - Level 6.0 Spellcasting
 - Level 15.0 Conjurations
 - Level 10.0 Necromancy
 - Level 15.0 Air Magic
 - Level 3.0 Poison Magic


You had 7 spell levels left.
You knew the following spells:

 Your Spells              Type           Power      Damage    Failure   Level
a - Lightning Bolt        Conj/Air       38%        1d57      1%          5
b - Airstrike             Air            38%        N/A       1%          4
c - Poisonous Vapours     Pois/Air       100%       N/A       1%          2
d - Animate Dead          Necr           30%        N/A       1%          4
e - Shock                 Conj/Air       100%       1d9       0%          1
f - Swiftness             Air            77%        N/A       1%          3

Your spell library contained the following spells:

 Spells                   Type           Power      Damage    Failure   Level
 Conjure Ball Lightning   Conj/Air       38%        3x3d12    1%          6
 Magic Dart               Conj           100%       1d8       0%          1
 Static Discharge         Conj/Air       77%        N/A       0%          2
 Corpse Rot               Necr/Air       100%       N/A       1%          2
 Mephitic Cloud           Conj/Pois/Air  64%        N/A       1%          3
 Sting                    Tmut/Pois      68%        1d6       3%          1
 Inner Flame              Hex/Fire       8%         N/A       5%          3
 Olgreb's Toxic Radiance  Pois           26%        N/A       5%          4
 Beastly Appendage        Tmut           16%        N/A       7%          1
 Summon Small Mammal      Summ           32%        N/A       7%          1
 Call Imp                 Summ           8%         N/A       11%         2
 Wereblood                Tmut           8%         N/A       11%         2
 Spider Form              Tmut/Pois      17%        N/A       11%         3
 Iron Shot                Conj/Erth      25%        9d5       13%         6
 Call Canine Familiar     Summ           8%         N/A       21%         3
 Summon Guardian Golem    Hex/Summ       8%         N/A       21%         3
 Animate Armour           Summ/Erth      16%        N/A       56%         4
 Cause Fear               Hex            4%         N/A       56%         4
 Summon Ice Beast         Ice/Summ       8%         N/A       56%         4
 Blade Hands              Tmut           4%         N/A       88%         5
 Summon Mana Viper        Hex/Summ       8%         N/A       88%         5
 Haunt                    Necr/Summ      18%        N/A       100%        7
 Monstrous Menagerie      Summ           4%         N/A       100%        7
 Discord                  Hex            4%         N/A       100%        8
 Infestation              Necr           30%        N/A       100%        8
 Fire Storm               Conj/Fire      25%        8d7       100%        9


Dungeon Overview and Level Annotations

Branches:
Dungeon (14/15)            Temple (1/1) D:5            Lair (6/6) D:11
 Shoals (0/4) Lair:2       Spider (0/4) Lair:4        Slime (0/5) Lair:5
    Orc (0/2) D:10        Ossuary (visited)           IceCv (1/1)
 Vaults: D:13-14

Altars:
Ashenzari
Cheibriados
Dithmenos
Elyvilon
Fedhas
Gozag
Hepliaklqana
Kikubaaqudgha
Makhleb
Nemelex Xobeh
Okawaru
Qazlal
Ru
Sif Muna
Trog
Uskayaw
Vehumet
Wu Jian
Xom
Yredelemnul
Zin
The Shining One

Shops:
D:1 :   D:9 (   D:10 [   D:12 [   D:13 *

Portals:
Trove: D:10 (give 2 scrolls of acquirement)

Annotations:
D:10 exclusion: orange crystal statue
Lair:1 2 transporters, doomsgape's ghost, journeyman KoBe IceCv exclusion: obsidian statue


Innate Abilities, Weirdness & Mutations

You have a beak for a mouth.
You have claws for feet.
Your magical nature lets you fly swiftly and evasively.


Message History

You are engulfed in freezing vapours.
You resist.
You are engulfed in freezing vapours.
You resist.
Casting: Airstrike (safe; 1% risk of failure)
Confirm with . or Enter, or press ? or * to list all spells.
Aiming: Airstrike (safe; 1% risk of failure)
Press: ? - help, Dir - move target, f - reaper
Aim: a reaper, wielding a +0 scythe of freezing, wearing a +0 robe of cold resistance and wearing the ring "Gyemme Hefue" {rC+ Dex+4} (freezing vapour, empty space bonus: 5/8)
The air twists around and strikes the reaper.
The reaper is lightly wounded.
Things that are here:
a +1 scythe of freezing; a +0 robe of cold resistance The reaper whispers, "Time's up, Treehippy!"
Casting: Airstrike (safe; 1% risk of failure)
Confirm with . or Enter, or press ? or * to list all spells.
Aiming: Lightning Bolt (safe; 1% risk of failure)
Press: ? - help, Shift-Dir - straight line, f/p - reaper
Aim: a reaper, wielding a +0 scythe of freezing, wearing a +0 robe of cold resistance and wearing the ring "Gyemme Hefue" {rC+ Dex+4} (64% to hit)
You hear a mighty clap of thunder!
The bolt of lightning hits the reaper!!!
The reaper is severely wounded.
The reaper hits you from afar with a +0 scythe of freezing!!
The reaper freezes you.
Casting: Lightning Bolt (safe; 1% risk of failure)
Confirm with . or Enter, or press ? or * to list all spells.
Aiming: Lightning Bolt (safe; 1% risk of failure)
Press: ? - help, Shift-Dir - straight line, f/p - reaper
Aim: a reaper, wielding a +0 scythe of freezing, wearing a +0 robe of cold resistance and wearing the ring "Gyemme Hefue" {rC+ Dex+4} (severely wounded, 64% to hit)
You hear a mighty clap of thunder!
The bolt of lightning misses the reaper.
The reaper hits you from afar with a +0 scythe of freezing!
Casting: Lightning Bolt (safe; 1% risk of failure)
Confirm with . or Enter, or press ? or * to list all spells.
Aiming: Lightning Bolt (safe; 1% risk of failure)
Press: ? - help, Shift-Dir - straight line, f/p - reaper
Aim: a reaper, wielding a +0 scythe of freezing, wearing a +0 robe of cold resistance and wearing the ring "Gyemme Hefue" {rC+ Dex+4} (severely wounded, 64% to hit)
You hear a mighty clap of thunder!
The bolt of lightning hits the reaper!
The reaper is almost dead.
The reaper hits you from afar with a +0 scythe of freezing!!!
You die...

##.2§##§## #....
##..#☼§°.☼#..2..#
#..##§§§#○§...#
#..)######....#
##...## ......#
##...# #......
##2..# #...##
#...## ####
##.@.## ##.....##
#...∩...#
#.......#
##..∩..## ##...##
#####


You could see a reaper.

Vanquished Creatures
  Rupert (D:12)
  A reaper (IceCv)
  Josephine (D:12)
  8 hydras
  Harold (D:11)
  5 boulder beetles
  2 caustic shrike simulacra (IceCv)
  3 catoblepae (Lair:6)
  2 two-headed ogres
  A death knight (D:13)
  A centaur warrior (D:13)
  A tengu warrior (D:13)
  12 death yaks
  Sonja (D:11)
  The ghost of dangdung the Insei, a novice OpTm (D:6)
  5 spriggan simulacra (IceCv)
  Pikel (D:5)
  A phantasmal warrior (D:13)
  4 ugly things
  A cyclops (D:13)
  4 manticores
  15 elephants
  A black mamba (Lair:5)
  2 gargoyles (D:13)
  5 rime drakes
  15 cane toads
  9 komodo dragons
  2 ice devils (IceCv)
  2 unseen horrors
  6 freezing wraiths (IceCv)
  2 polar bears (D:10)
  2 trolls
  A hornet (D:9)
  2 dream sheep (Lair:4)
  30 blink frogs
  A culicivora (Lair:4)
  7 wraiths
  3 shadows
  A vampire (D:13)
  11 wyverns
  53 yaks
  2 minotaur simulacra (IceCv)
  A steam dragon (D:9)
  10 basilisks
  A two-headed ogre zombie (D:10)
  An acid dragon (D:11)
  16 water moccasins
  A hydra simulacrum (IceCv)
  3 orc warriors
  Duvessa (D:5)
  2 black bears
  An alligator simulacrum (IceCv)
  An ice beast (D:8)
  A sky beast (D:7)
  4 necrophages
  An ogre (D:4)
  3 centaurs
  A phantom (D:5)
  4 lemures (D:5)
  20 bullfrogs
  A kobold brigand (D:9)
  2 deep troll simulacra (IceCv)
  A wyvern zombie (D:5)
  9 scorpions
  4 water moccasin zombies (Ossuary)
  A gnoll sergeant (D:4)
  A hornet simulacrum (D:14)
  Dowan (D:5)
  3 troll zombies (D:10)
  A lindwurm simulacrum (IceCv)
  12 killer bees
  3 wights (D:5)
  5 howler monkeys
  2 centaur zombies
  A hound (D:6)
  2 jellies
  2 bullfrog skeletons
  2 orc priests
  2 centaur skeletons
  Crazy Yiuf (D:5)
  7 iguanas
  14 orc wizards
  12 hell rats
  4 ogre zombies (D:10)
  A hound zombie (D:5)
  2 hound skeletons (D:4)
  2 mummies (Ossuary)
  7 adders
  11 gnolls
  A shadow imp (D:6)
  3 white imps
  2 ufetubi
  7 adder zombies (Ossuary)
  An adder skeleton (D:4)
  4 worms
  A dart slug (D:2)
  35 orcs
  6 endoplasms
  3 giant cockroaches
  7 goblins
  7 hobgoblins
  9 jackals
  14 kobolds
  2 quokkas
  4 ball pythons
  6 bats
  3 frilled lizards
  3 gnoll zombies (Ossuary)
  3 goblin zombies (D:10)
  A hobgoblin skeleton (D:10)
  7 hobgoblin zombies
  7 kobold zombies (Ossuary)
  26 orc zombies
  3 rats
582 creatures vanquished.

Vanquished Creatures (collateral kills)
  A black mamba (Lair:5)
  An elephant (Lair:2)
  2 dream sheep (Lair:5)
  A yak (Lair:2)
5 creatures vanquished.

Vanquished Creatures (others)
  69 fungi
  70 plants
139 creatures vanquished.

Grand Total: 726 creatures vanquished

Notes
Turn   | Place    | Note
-------+----------+-------------------------------------------
     0 | D:1      | Treehippy the Tengu Air Elementalist began the quest for
                  | the Orb.
     0 | D:1      | Reached XP level 1. HP: 10/10 MP: 4/4
    18 | D:1      | Found Qiuxuny's Book Shop.
   229 | D:1      | Reached XP level 2. HP: 15/15 MP: 1/6
  1033 | D:2      | Reached XP level 3. HP: 20/20 MP: 2/7
  1377 | D:2      | Reached skill level 1 in Fighting
  1562 | D:2      | Reached XP level 4. HP: 25/25 MP: 2/8
  1626 | D:1      | Learned a level 4 spell: Airstrike
  1805 | D:2      | Reached skill level 5 in Air Magic
  2431 | D:3      | Gained mutation: Your magical nature lets you fly swiftly
                  | and evasively. [Tengu growth]
  2431 | D:3      | Reached XP level 5. HP: 29/29 MP: 2/9
  3632 | D:3      | Reached XP level 6. HP: 35/35 MP: 6/10
  3796 | D:4      | Found a sand-covered staircase.
  3805 | Ossuary  | Entered an ossuary
  4478 | Ossuary  | Reached XP level 7. HP: 40/40 MP: 9/11
  5020 | D:4      | Reached skill level 5 in Conjurations
  5596 | D:4      | Identified the +1 leather armour of the Twenty Curses {rN++
                  | Regen+}
  5805 | D:4      | Reached skill level 5 in Dodging
  5805 | D:4      | Reached XP level 8. HP: 46/46 MP: 1/12
  6067 | D:5      | Entered Level 5 of the Dungeon
  6543 | D:5      | Reached skill level 10 in Air Magic
  6994 | D:5      | Noticed Duvessa
  6994 | D:5      | Noticed Dowan
  7078 | D:5      | Found a staircase to the Ecumenical Temple.
  7090 | Temple   | Entered the Ecumenical Temple
  7665 | Temple   | Became a worshipper of Vehumet
  7871 | D:5      | Noticed a yak
  7973 | D:5      | Killed a yak
  8081 | D:5      | Noticed Pikel
  8502 | D:5      | Killed Pikel
  8503 | D:5      | Reached XP level 9. HP: 44/53 MP: 4/13
  8579 | D:5      | Found a runed translucent door.
  8580 | D:5      | Noticed Crazy Yiuf
  8619 | D:5      | Killed Duvessa
  8620 | D:5      | Reached skill level 5 in Fighting
  8710 | D:5      | Killed Dowan
  9312 | D:6      | Found a runed translucent door.
  9313 | D:6      | Noticed dangdung's ghost (novice OpTm)
 10236 | D:7      | Reached * piety under Vehumet
 10236 | D:7      | Offered knowledge of Freeze by Vehumet.
 10453 | D:7      | Learned a level 2 spell: Poisonous Vapours
 10739 | D:7      | Reached skill level 1 in Poison Magic
 11094 | D:7      | Reached XP level 10. HP: 59/59 MP: 6/17
 12276 | D:8      | Noticed a cyan ugly thing
 12316 | D:8      | Killed a cyan ugly thing
 12921 | D:8      | Offered knowledge of Magic Dart by Vehumet.
 13000 | D:8      | Reached ** piety under Vehumet
 13353 | D:9      | Found Tote's Antique Weapon Boutique.
 13361 | D:9      | Bought a sapphire quarterstaff for 198 gold pieces
 13361 | D:9      | Identified the +5 quarterstaff of the Freezing Lamprey
                  | {antimagic, rN+} (You bought it in a shop on level 9 of the
                  | Dungeon)
 13499 | D:8      | Reached skill level 5 in Spellcasting
 14908 | D:9      | Offered knowledge of Ignite Poison by Vehumet.
 15121 | D:10     | Entered Level 10 of the Dungeon
 15134 | D:9      | Reached XP level 11. HP: 67/67 MP: 1/19
 15415 | D:10     | Found a snail-covered altar of Cheibriados.
 15417 | D:10     | Found Cheibriados's Comfort Zone.
 15422 | D:10     | Bought the +3 hat of Pondering {ponderous, Will+ MP+10
                  | Int+5} for 495 gold pieces
 15422 | D:10     | Found the +3 hat of Pondering {ponderous, Will+ MP+10
                  | Int+5}
 15519 | D:10     | Found a portal to a secret trove of treasure.
 15553 | D:10     | Reached skill level 10 in Dodging
 15585 | D:10     | Reached *** piety under Vehumet
 15981 | D:10     | Found a staircase to the Orcish Mines.
 16121 | D:10     | Offered knowledge of Stone Arrow by Vehumet.
 16661 | D:10     | Noticed a two-headed ogre
 16692 | D:10     | Killed a two-headed ogre
 16693 | D:10     | Reached skill level 1 in Shields
 16840 | D:10     | Noticed an orange crystal statue
 17078 | D:10     | Found Wahoota's Antique Armour Shop.
 17519 | D:10     | Found a bloodstained altar of Trog.
 18067 | D:11     | Reached **** piety under Vehumet
 18375 | D:11     | Offered knowledge of Freezing Cloud by Vehumet.
 18654 | D:11     | Noticed a six-headed hydra
 18661 | D:11     | Learned a level 4 spell: Animate Dead
 18726 | D:11     | Noticed a death yak
 18782 | D:11     | Killed a death yak
 18783 | D:11     | Reached skill level 1 in Necromancy
 19268 | D:11     | Noticed a purple ugly thing
 19272 | D:11     | Noticed Sonja
 19290 | D:11     | Killed a purple ugly thing
 19720 | D:11     | Killed Sonja
 19725 | D:11     | Noticed Harold
 19785 | D:11     | Killed Harold
 19786 | D:11     | Reached XP level 12. HP: 76/76 MP: 12/20
 20192 | D:11     | Found a staircase to the Lair.
 20730 | D:11     | Killed a six-headed hydra
 20937 | Lair:1   | Entered Level 1 of the Lair of Beasts
 21106 | Lair:1   | Identified the +0 helmet "Diaveogh" {+Inv Dex+2}
 21114 | Lair:1   | Noticed doomsgape's ghost (journeyman KoBe)
 21219 | Lair:1   | Found a transporter.
 21228 | Lair:1   | Found a transporter.
 21458 | Lair:1   | Reached skill level 5 in Necromancy
 22203 | Lair:2   | Reached skill level 5 in Shields
 22516 | Lair:1   | Reached skill level 10 in Fighting
 22974 | Lair:1   | Reached ***** piety under Vehumet
 23669 | Lair:2   | Offered knowledge of Lightning Bolt by Vehumet.
 23670 | Lair:2   | Reached skill level 10 in Necromancy
 23800 | Lair:1   | Reached XP level 13. HP: 62/82 MP: 12/21
 25175 | Lair:2   | Found a staircase to the Shoals.
 25339 | Lair:2   | Learned a level 5 spell: Lightning Bolt
 25343 | Lair:2   | Learned a level 3 spell: Swiftness
 27008 | Lair:4   | Found a hole to the Spider Nest.
 27367 | Lair:4   | Identified the +11 glaive of Upheaval {freeze, Str+4
                  | Stlth+}
 30285 | Lair:5   | Reached XP level 14. HP: 90/90 MP: 15/22
 30287 | Lair:5   | Offered knowledge of Lee's Rapid Deconstruction by Vehumet.
 30521 | Lair:5   | Reached skill level 10 in Conjurations
 31534 | Lair:5   | Reached skill level 15 in Air Magic
 31829 | Lair:5   | Found a staircase to the Slime Pits.
 32009 | Lair:6   | Entered Level 6 of the Lair of Beasts
 35385 | Lair:6   | Reached skill level 15 in Conjurations
 36262 | D:5      | Killed Crazy Yiuf
 36314 | D:6      | Killed dangdung's ghost
 36412 | D:6      | Got The Volume of Greatest Risks and Utility
 36647 | D:12     | Reached XP level 15. HP: 89/95 MP: 24/24
 36653 | D:12     | Noticed Rupert
 36987 | D:12     | Noticed Josephine
 37191 | D:12     | Reached skill level 5 in Stealth
 37330 | D:12     | Killed Rupert
 37566 | D:12     | Found Pawkaj's Antique Armour Boutique.
 37961 | D:12     | Killed Josephine
 38031 | D:12     | Identified the +0 leather armour of Hifair {Will++ Dex+4}
 38282 | D:13     | Offered knowledge of Conjure Ball Lightning by Vehumet.
 38715 | D:13     | Found Gosopta's Neck Hole.
 38718 | D:13     | Bought a scarf of resistance for 448 gold pieces
 39446 | D:14     | Found a frozen archway.
 39452 | IceCv    | Entered an ice cave
 40915 | IceCv    | Identified the ring "Gyemme Hefue" {rC+ Dex+4}
 40932 | IceCv    | Mangled by a reaper

Illustrated notes

Levels and vault maps discovered:
D:1:      dpeg_arrival_shelter, layout_rooms, serial_shops, shop
D:2:      layout_loops_ring
D:3:      layout_rooms
D:4:      layout_rooms, lightli_ossuary_entry_decrepit_ruins,
          grunt_ministairs_14, lightli_minifort
D:5:      minmay_diamond_boxcup, layout_basic, minmay_temple_entry_purple_smoke,
          uniq_crazy_yiuf_cottage, uniq_duvessa, uniq_pikel
D:6:      layout_rooms, ebering_ghost_inner_flame, kennysheep_generic_room_7
D:7:      layout_gridville
D:8:      old_forge, layout_cave_pods, grunt_ministairs_1
D:9:      layout_irregular_city, serial_shops, shop, hangedman_decor_peaks_small
D:10:     layout_basic, trog_ov_bears_minmay, zombieorc2_lemuel, serial_shops,
          shop_statue, enter_trove_1, minmay_shop_chei, minivault_16,
          hangedman_abyss_or_decor_jellyfish_corner, minmay_misc_feat_alley
D:11:     layout_stronghold, david_lair_generic, uniq_harold, uniq_sonja
D:12:     layout_basic, serial_shops, shop_statue, uniq_josephine, uniq_rupert
D:13:     layout_roguey, nicolae_shop_sticking_my_neck_out
D:14:     minmay_expanding_circles, layout_loops_corners, david_vaults_5,
          serial_ice, serial_ice_e, serial_ice_a, serial_ice_g, serial_ice_f,
          serial_ice_b, serial_ice_n, portal_ice_cave_entry_pillars_four,
          minmay_misc_feat_hallway, minivault_1
Temple:   mainiacjoe_temple_starburst
Lair:1:   layout_roguey, gammafunk_ghost_arena, beast_lair_carwin_9
Lair:2:   layout_layer_cave, elwin_shoals_entry_rocks, grunt_megastairs_4
Lair:3:   layout_chaotic_city, infiniplex_staircase_pool
Lair:4:   layout_hall_layers, spider_nest_entry_rubble, special_room
          [special_room_mythical_zoo], grunt_megastairs_5
Lair:5:   layout_gridlike, slime_dummy, grunt_megastairs_1
Lair:6:   evilmike_catoblepas_cave, layout_layer_cave, grunt_megastairs_3
IceCv:    ice_cave_small_demon

Skill      XL: |  1  2  3  4  5  6  7  8  9 10 11 12 13 14 15 |
---------------+----------------------------------------------+-----
Conjurations   | 2 3 4 5 9 15 | 15.0
Fighting       | 1 2 3 4 5 7 9 10 11 12 | 12.0
Dodging        | 3 4 5 6 8 9 11 12 13 14 | 14.0
Air Magic      | 5 6 8 11 12 14 15 | 15.0
Spellcasting   | 4 5 6 |  6.0
Poison Magic   | 2 3 |  3.0
Stealth        | 4 5 |  5.0
Shields        | 4 5 7 |  7.2
Necromancy     | 3 10 | 10.0

Action                   |  1- 3 |  4- 6 |  7- 9 | 10-12 | 13-15 || total
-------------------------+-------+-------+-------+-------+-------++-------
Melee: Unarmed           |     2 |       |       |       |       ||     2
       Short sword       |     3 |       |       |       |       ||     3
       Kick              |     1 |     5 |    10 |    38 |    25 ||    79
       Peck              |     1 |     1 |     6 |    21 |    11 ||    40
       Spear             |       |     6 |    37 |    28 |       ||    71
       Punch             |       |       |     2 |     1 |       ||     3
       Whip              |       |       |       |    26 |       ||    26
       Scimitar          |       |       |       |    57 |    62 ||   119
 Cast: Shock             |    67 |   172 |   208 |    45 |       ||   492
       Airstrike         |       |       |    41 |   172 |   347 ||   560
       Poisonous Vapours |       |       |    14 |   265 |   103 ||   382
       Animate Dead      |       |       |       |     4 |     7 ||    11
       Lightning Bolt    |       |       |       |       |   165 ||   165
       Swiftness         |       |       |       |       |     1 ||     1
Evoke: Wand              |       |       |       |     6 |     1 ||     7
  Use: Scroll            |       |     3 |     9 |     3 |    13 ||    28
       Potion            |       |       |       |       |     1 ||     1
 Stab: Sleeping          |     2 |       |       |       |       ||     2
       Paralysed         |       |       |       |     4 |       ||     4
       Distracted        |       |       |       |     2 |       ||     2
Armor: Robe              |     3 |     8 |     2 |       |       ||    13
       Leather armour    |       |       |     5 |     7 |       ||    12
       Steam dragon scal |       |       |       |    62 |    57 ||   119
Dodge: Dodged            |     6 |    51 |    51 |   202 |   211 ||   521
Block: Other             |     5 |    11 |    10 |    20 |       ||    46
       Reflection        |     1 |       |     1 |     3 |     1 ||     6
       Buckler           |       |       |       |   112 |   142 ||   254
